 Dungeon Crawl Stone Soup version 0.29-a0-352-g0917bc69df (webtiles) character file.

Game seed: 12368971486466889126

49 siradein the Shield-Bearer (level 3, 0/36 HPs)
             Began as a Troll Fighter on Apr 25, 2022.
             Slain by a gnoll
             ... wielding a +0 spear
              (5 damage)
             ... on level 3 of the Dungeon.
             The game lasted 00:03:07 (1728 turns).

siradein the Shield-Bearer (Troll Fighter)          Turns: 1728, Time: 00:03:07

Health: 0/36       AC:  5    Str: 26    XL:     3   Next: 51%
Magic:  2/2        EV:  8    Int:  4    God:
Gold:   199        SH:  7    Dex:  9    Spells: 2/2 levels left

rFire   . . .      SeeInvis .   a - +0 war axe
rCold   . . .      Faith    .   c - +0 kite shield
rNeg    . . .      Spirit   .   b - +0 robe
rPois   .          Reflect  .   (helmet restricted)
rElec   .          Harm     .   i - +0 cloak
rCorr   +          Rampage  .   (gloves unavailable)
Will    .....                   (boots unavailable)
Stlth   +.........              (no amulet)
HPRegen 0.92/turn               e - ring of resist corrosion
MPRegen 0.08/turn               (no ring)

@: no status effects
A: large, unfitting armour, claws 3, regeneration 1, shaggy fur 1, tough skin 1
a: no special abilities


You were on level 3 of the Dungeon.
You visited 1 branch of the dungeon, and saw 3 of its levels.

You collected 199 gold pieces.

Inventory:

Hand Weapons
 a - a +0 war axe (weapon)
Armour
 b - a +0 robe (worn)
 c - a +0 kite shield (worn)
 i - a +0 cloak (worn)
Jewellery
 e - a ring of resist corrosion (left claw)
Scrolls
 f - a scroll of fear {unknown}
 h - 2 scrolls of teleportation {unknown}
 j - a scroll of noise {unknown}
 l - a scroll of identify {unknown}
 m - a scroll of magic mapping {unknown}
 o - a scroll of blinking {unknown}
 q - a scroll of immolation
Potions
 d - a potion of might
 g - a potion of attraction {unknown}
 k - 2 potions of degeneration {unknown}
 n - a potion of lignification {unknown}
 p - a potion of brilliance {unknown}


   Skills:
 + Level 2.8 Fighting
 + Level 2.1 Axes
 + Level 2.8 Dodging
 + Level 2.8 Shields


You had 2 spell levels left.
You didn't know any spells.
Your spell library contained the following spells:

 Spells                   Type           Power      Damage    Failure   Level
 Apportation              Tloc           0%         N/A       80%         1
 Foxfire                  Conj/Fire      0%         2x1d4     80%         1
 Freeze                   Ice            0%         1d3       80%         1


Dungeon Overview and Level Annotations

Branches:
Dungeon (3/15)

Altars:
Elyvilon


Innate Abilities, Weirdness & Mutations

You are too large for most types of armour.
You have claws for hands.
Your natural rate of healing is unusually fast.
You are covered in fur. (AC +1)
You have tough skin. (AC +1)


Message History

The gnoll shouts!
A gnoll comes into view. It is wielding a +1 vorpal halberd.
The gnoll shouts!
The gnoll throws a throwing net.
The throwing net hits you.
You become entangled in the net!
You see here a throwing net.
You struggle against the net.
You struggle against the net.
You struggle against the net.
The gnoll shouts!
The gnoll hits you with a +0 whip.
You struggle against the net.
The gnoll hits you from afar with a +0 spear.
The gnoll hits you with a +0 whip.
You rip the net and break free!
The gnoll hits you from afar with a +0 spear.
You block the gnoll's attack. The gnoll attacks as you move away!
The gnoll hits you with a +0 whip.
The gnoll throws a throwing net.
The throwing net hits you.
You become entangled in the net!
You see here a throwing net.
You struggle against the net.
The gnoll hits you from afar with a +1 vorpal halberd.
You struggle against the net.
The gnoll barely misses you.
A hobgoblin comes into view.
An endoplasm comes into view.
You struggle against the net.
The hobgoblin shouts!
The endoplasm quivers.
The gnoll hits you from afar with a +1 vorpal halberd.
The gnoll hits you from afar with a +0 spear.
The gnoll hits you with a +0 whip.
You struggle against the net.
The gnoll barely misses you.
The gnoll hits you from afar with a +1 vorpal halberd.
* * * LOW HITPOINT WARNING * * *
The gnoll barely misses you.
You shred the net and break free! The gnoll barely misses you.
The gnoll hits you with a +0 whip.
* * * LOW HITPOINT WARNING * * *
The gnoll hits you from afar with a +0 spear.
You die...

#.## #.......#.####...###
#.# ##....##.#......## #.#
##...........#)# #.#
#.##..#.#...#.# #.#
#g...#..##.#..# #.#
#..#..._...##.# #.#
#....##....#..##
#.###########.....#....#...#
#............@g........##..#
#############.#..##.#...#..#
#gg..#.+...#...#
##g....)).......#
#J.....##..####....
#.###.....## ##.## #.#
#.##### .# .........##.# .#
#######..##. .#


You could see 4 gnolls, an endoplasm and a hobgoblin.

Vanquished Creatures
  A worm (D:2)
  3 orcs (D:3)
  2 bats
  5 endoplasms
  4 giant cockroaches
  5 goblins
  A hobgoblin (D:2)
  A quokka (D:1)
  2 ball pythons
  5 frilled lizards
  5 kobolds
  6 rats
40 creatures vanquished.

Vanquished Creatures (others)
  2 plants (D:3)
2 creatures vanquished.

Grand Total: 42 creatures vanquished

Notes
Turn   | Place    | Note
-------+----------+-------------------------------------------
     0 | D:1      | siradein the Troll Fighter began the quest for the Orb.
     0 | D:1      | Reached XP level 1. HP: 22/22 MP: 0/0
   255 | D:1      | Reached XP level 2. HP: 29/29 MP: 1/1
  1193 | D:2      | Reached XP level 3. HP: 13/36 MP: 2/2
  1223 | D:2      | Found a white marble altar of Elyvilon.
  1563 | D:3      | Got Istuage's Magic, Part One
  1610 | D:3      | Found a faded altar of an unknown god.
  1728 | D:3      | Slain by a gnoll

Illustrated notes

Levels and vault maps discovered:
D:1:      minmay_arrival_radiant_lines, layout_basic
D:2:      minmay_general_purpose_star, layout_rooms, basic_altar
D:3:      layout_loops_ring, tso_oasis_becter, hellmonk_ecumenical_altar_blasted

Skill      XL: |  1  2 |
---------------+-------+-----
Axes           | 2 |  2.1
Fighting       | |  2.8
Dodging        | |  2.8
Shields        | |  2.8

Action                   || total
-------------------------++-------
Melee: War axe           ||   105
 Stab: Sleeping          ||     1
Armor: Robe              ||    28
Dodge: Dodged            ||    42
Block: Kite shield       ||    41

Table legend: (Time is in decaauts)
 A = Elapsed time spent in this place.
 B = Non-inter-level travel time spent in this place.
 C = Inter-level travel time spent in this place.
 D = Time resting spent in this place.
 E = Time spent auto-exploring this place.
 F = Levels seen in this place.
 G = Mean time per level.
                   A        B        C        D        E       F      G
               +--------+--------+--------+--------+--------+-----+--------+
         Total |   1783 |   1721 |     62 |      7 |   1346 |   3 |  594.3 |
       Dungeon |   1783 |   1721 |     62 |      7 |   1346 |   3 |  594.3 |
               +--------+--------+--------+--------+--------+-----+--------+

Top non-repeatable levels by time:
     D:1: 923 daAuts
     D:2: 673 daAuts
     D:3: 187 daAuts
